 Dungeon Crawl Stone Soup version 0.27.0-1-g7a089689b8 (webtiles) character file.

Game seed: 4225729281606177542

557 horus123 the Conjurer (level 7, -11/36 HPs)
             Began as a Deep Elf Conjurer on Aug 17, 2021.
             Was a Follower of Nemelex Xobeh.
             Blown up by an eye of devastation (47 damage)
             ... with a bolt of energy
             ... on level 6 of the Dungeon on Aug 18, 2021.
             The game lasted 00:11:42 (5004 turns).

horus123 the Conjurer (Deep Elf Conjurer)           Turns: 5004, Time: 00:11:43

Health: -11/36     AC:  6    Str:  4    XL:     7   Next: 9%
Magic:  17/17      EV: 12    Int: 25    God:    Nemelex Xobeh [*.....]
Gold:   278        SH:  0    Dex: 13    Spells: 7/17 levels left

rFire    . . .     SeeInvis .   e - +2 dagger (drain)
rCold    . . .     Faith    .   (no shield)
rNeg     . . .     Spirit   .   a - +0 robe
rPois    .         Reflect  .   b - +0 helmet
rElec    .         Harm     .   o - +0 cloak
rCorr    .         Rampage  .   k - +0 pair of gloves
Will     .....                  t - +0 pair of boots
Stlth    ++........             (no amulet)
HPRegen  0.12/turn              (no ring)
MPRegen  0.15/turn              (no ring)

@: no status effects
A: no striking features
a: Renounce Religion, Draw Escape, Draw Destruction, Draw Summoning


You were on level 6 of the Dungeon.
You worshipped Nemelex Xobeh.
Nemelex Xobeh was aware of your devotion.
You visited 1 branch of the dungeon, and saw 6 of its levels.

You collected 278 gold pieces.

Inventory:

Hand Weapons
 e - a +2 dagger of draining (weapon)
Armour
 a - a +0 robe (worn)
 b - a +0 helmet (worn)
 g - a +2 leather armour of cold resistance
 k - a +0 pair of gloves (worn)
 o - a +0 cloak (worn)
 q - a +1 tower shield
 t - a +0 pair of boots (worn)
Wands
 n - a wand of flame (18)
Scrolls
 d - a scroll of noise
 j - a scroll of identify
 s - a scroll of summoning
Potions
 c - a potion of brilliance {unknown}
 f - a potion of flight {unknown}
 h - 2 potions of berserk rage
 i - a potion of haste {unknown}
 l - 2 potions of curing {unknown}
 m - a potion of heal wounds {unknown}
 p - a potion of invisibility {unknown}
 r - a potion of degeneration {unknown}


   Skills:
 - Level 0.5 Armour
 + Level 2.5 Dodging
 + Level 4.1 Stealth
 * Level 0.2 Shields
 + Level 5.5 Spellcasting
 * Level 7.1 Conjurations
 * Level 3.5 Hexes


You had 7 spell levels left.
You knew the following spells:

 Your Spells              Type           Power      Damage    Failure   Level
a - Magic Dart            Conj           100%       1d8       1%          1
b - Searing Ray           Conj           84%        3d6       1%          2
c - Dazzling Flash        Conj/Hex       66%        N/A       2%          3
d - Fulminant Prism       Conj/Hex       16%        3d11      9%          4

Your spell library contained the following spells:

 Spells                   Type           Power      Damage    Failure   Level
 Iskenderun's Mystic Bla  Conj/Tloc      24%        2d7       19%         4
 Gell's Gravitas          Tloc           3%         N/A       24%         3
 Lesser Beckoning         Tloc           3%         N/A       24%         3
 Teleport Other           Tloc           6%         N/A       24%         3


Dungeon Overview and Level Annotations

Branches:
Dungeon (6/15)             Temple (0/1) D:4

Altars:
Cheibriados
Nemelex Xobeh
Trog
Vehumet
Wu Jian
Yredelemnul
Zin

Shops:
D:4 (


Message History

You start putting on your armour.
You continue putting on your +0 pair of boots. x4
You finish putting on your +0 pair of boots.
Found an escape hatch in the floor.
There is an escape hatch in the floor here.
Nemelex Xobeh deals you some cards!
You now have 2 escape cards, 5 destruction cards and 1 summoning card.
Found a stone staircase leading up.
There is a stone staircase leading up here.
You now have 278 gold pieces (gained 18).
Found an ornate altar of the Wu Jian Council.
A cyclops comes into view.
You draw a card...
You have drawn Degeneration.
The cyclops evaporates and reforms as a sea snake!
The sea snake twists and deforms.
You draw a card...
You have drawn the Orb.
Press: ? - help, Shift-Dir - straight line, f - sea snake
Aim: a sea snake (asleep, misshapen and mutated)
Your orb of destruction hits a rock wall. x3
You draw a card...
You have drawn Degeneration.
The sea snake evaporates and reforms as an eye of devastation!
The eye of devastation twists and deforms.
You draw a card...
You have drawn Pain.
Press: ? - help, Shift-Dir - straight line, f/p - eye of devastation
Aim: an eye of devastation (asleep, misshapen and mutated)
The eye of devastation resists with some effort.
The eye of devastation gazes at you. The bolt of energy misses you.
You draw a card...
You have drawn the Pentagram.
The deck of cards disappears without a trace.
You swap places.
The eye of devastation pulsates ominously.
The eye of devastation gazes at you.
The bolt of energy hits your ice devil!!
The bolt of energy hits you!!!
Ouch! That really hurt!
You die...
Your body disappears without a glow.

....#.# ..(.
#.###.#
.##....
#.....#
...#...
#######
##.....#
#########..
.......
..<........
...#.#
##########.
#.##G#
##.##4#
#...@h#
#.##..####
#.....#
#.###.#
#.###.####.#
#....#.....#
#####
#.###.######
.>..#
#.#...######
###.#
#.#.####...#


You could see an eye of devastation (misshapen, ally target), a friendly ice
devil (summoned) and a friendly hell hound (summoned).

Vanquished Creatures
  A necrophage (D:4)
  A phantom (D:5)
  A scorpion (D:5)
  A wyvern skeleton (D:3)
  A hound (D:5)
  2 jellies
  A centaur skeleton (D:4)
  2 hound skeletons
  8 adders
  2 worms
  3 dart slugs
  2 orcs
  2 ball pythons (D:1)
  10 endoplasms
  5 goblins
  7 hobgoblins
  4 jackals (D:2)
  4 quokkas
  6 bats
  2 frilled lizards
  A kobold (D:3)
  5 rats
71 creatures vanquished.

Notes
Turn   | Place    | Note
-------+----------+-------------------------------------------
     0 | D:1      | horus123 the Deep Elf Conjurer began the quest for the Orb.
     0 | D:1      | Reached XP level 1. HP: 10/10 MP: 6/6
   251 | D:1      | Reached XP level 2. HP: 15/15 MP: 5/8
   285 | D:1      | Reached skill level 5 in Conjurations
   422 | D:1      | Found a faded altar of an unknown god.
   445 | D:2      | Learned a level 2 spell: Searing Ray
   686 | D:2      | Reached XP level 3. HP: 19/19 MP: 7/9
  1038 | D:2      | Learned a level 3 spell: Dazzling Flash
  1360 | D:3      | Found a radiant altar of Vehumet.
  1653 | D:3      | Reached XP level 4. HP: 24/24 MP: 6/10
  1758 | D:3      | Reached skill level 6 in Conjurations
  1893 | D:3      | Reached skill level 1 in Hexes
  1893 | D:3      | Reached XP level 5. HP: 28/28 MP: 5/12
  1992 | D:3      | Found a bloodstained altar of Trog.
  2057 | D:3      | Found a basalt altar of Yredelemnul.
  2214 | D:3      | Found a sparkling altar of Nemelex Xobeh.
  2220 | D:3      | Became a worshipper of Nemelex Xobeh the Trickster
  2549 | D:4      | Learned a level 4 spell: Fulminant Prism
  2673 | D:4      | Found a snail-covered altar of Cheibriados.
  2835 | D:4      | Found Duwaora's Antique Weapon Boutique.
  2917 | D:4      | Found a staircase to the Ecumenical Temple.
  2921 | D:4      | Noticed a necrophage
  2923 | D:4      | Killed a necrophage
  2924 | D:4      | Reached XP level 6. HP: 32/32 MP: 9/15
  3089 | D:5      | Entered Level 5 of the Dungeon
  3121 | D:5      | Found a glowing silver altar of Zin.
  3271 | D:5      | Reached skill level 7 in Conjurations
  3998 | D:5      | Reached skill level 5 in Spellcasting
  4075 | D:5      | Reached * piety under Nemelex Xobeh
  4544 | D:5      | Reached XP level 7. HP: 35/36 MP: 11/16
  4919 | D:6      | Received a gift from Nemelex Xobeh
  4939 | D:6      | Found an ornate altar of the Wu Jian Council.
  4983 | D:6      | Noticed a cyclops
  4984 | D:6      | Noticed a sea snake
  4984 | D:6      | a cyclops changed into a sea snake
  4989 | D:6      | Noticed an eye of devastation
  4989 | D:6      | a sea snake changed into an eye of devastation
  5004 | D:6      | Blown up by an eye of devastation

Illustrated notes

Levels and vault maps discovered:
D:1:      minmay_arrival_wavy_path, layout_rooms,
          shapermc_ecumenical_altar_flowoftime, dk_noncrumbling_4
D:2:      layout_loops_cross
D:3:      layout_basic, nicolae_overflow_hidden_temple,
          nemelex_dance_club_becter
D:4:      layout_basic, kennysheep_slug_shrine, minmay_temple_entry_overgrown,
          serial_shops, nicolae_lakefront_shop
D:5:      layout_basic, mainiacjoe_overflow_concentric_impassable
D:6:      layout_loops_ring, nzn_wu_jian_council_hall,
          mainiacjoe_overflow_surrounded_room, lemuel_coloured_pillars_altar,
          mainiacjoe_overflow_brackets, gammafunk_ghost_nasty_kobolds,
          chequers_serial_rivers_small_3, minmay_ruffians

Skill      XL: |  1  2  3  4  5  6 |
---------------+-------------------+-----
Conjurations   | 5 6 7 |  7.1
Stealth        | 3 4 |  4.1
Hexes          | 1 2 3 |  3.5
Spellcasting   | 4 5 |  5.5
Armour         | |  0.5
Dodging        | |  2.5
Shields        | |  0.2

Action                   |  1- 3 |  4- 6 |  7- 9 || total
-------------------------+-------+-------+-------++-------
 Cast: Magic Dart        |    71 |    42 |     3 ||   116
       Searing Ray       |     3 |    15 |       ||    18
Invok: Draw Destruction  |       |       |     4 ||     4
       Draw Summoning    |       |       |     1 ||     1
  Use: Scroll            |     4 |     5 |       ||     9
Armor: Leather armour    |       |     2 |       ||     2
Dodge: Dodged            |     4 |    10 |     1 ||    15
Block: Tower shield      |       |     1 |       ||     1
